 Dungeon Crawl Stone Soup version 0.23.2-11-gf996548c65 (webtiles) character file.

Game seed: 17569794855727566845

8 MalarOregon the Digger (level 2, 0/20 HPs)
             Began as a Ghoul Earth Elementalist on June 4, 2019.
             Slain by a hobgoblin
             ... wielding a +0 club
              (5 damage)
             ... on level 1 of the Dungeon.
             The game lasted 00:00:41 (240 turns).

MalarOregon the Digger (Ghoul Earth Elementalist)    Turns: 240, Time: 00:00:42

Health: 0/20       AC:  2    Str: 11    XL:     2   Next: 8%
Magic:  0/3        EV: 12    Int: 10    God:
Gold:   37         SH:  0    Dex:  9    Spells: 3/4 levels left

rFire    . . .     SeeInvis .   (no weapon)
rCold    + . .     Gourm    .   (no shield)
rNeg     + + +     Faith    .   c - +0 robe
rPois    ∞         Spirit   .   (no helmet)
rElec    .         Reflect  .   (no cloak)
rCorr    .         Harm     .   (no gloves)
MR       .....                  (no boots)
Stlth    ++........             (no amulet)
HPRegen  0.00/turn              (no ring)
MPRegen  0.08/turn              (no ring)

@: rotting
A: rotting body, claws 1, carnivore, cold resistance 1, negative energy
resistance 3, inhibited regeneration, torment resistance, unbreathing
a: no special abilities


You were on level 1 of the Dungeon.
You were not hungry.

You visited 1 branch of the dungeon, and saw 1 of its levels.

You collected 37 gold pieces.

Inventory:

Missiles
 b - 26 stones (quivered)
Armour
 c - a +0 robe (worn)
Potions
 a - a potion of haste {unknown}
Comestibles
 e - 3 rations {!d}


   Skills:
 + Level 2.0 Dodging
 + Level 2.4 Stealth
 + Level 1.9 Spellcasting
   Level 0.8 Transmutations
 + Level 3.4 Earth Magic


You had 3 spell levels left.
You knew the following spells:

 Your Spells              Type           Power        Failure   Level  Hunger
a - Sandblast             Erth           #.....       8%          1    ##.....

Your spell library contained the following spells:

 Spells                   Type           Power        Failure   Level  Hunger
 Passwall                 Tmut/Erth      #.......     21%         2    ###....
 Stone Arrow              Conj/Erth      #.....       43%         3    ####...
 Petrify                  Tmut/Erth      #.......     78%         4    #####..
 Lee's Rapid Deconstruct  Erth           #.........   91%         5    ######.


Dungeon Overview and Level Annotations

Branches:
Dungeon (1/15)

Altars:


Innate Abilities, Weirdness & Mutations

Your body is rotting away.
You thrive on raw meat.
You are immune to poison.
You have sharp fingernails.
You are carnivorous and can eat meat at any time.
Your flesh is cold resistant. (rC+)
You are immune to negative energy. (rN+++)
You do not regenerate when monsters are visible.
You are immune to unholy pain and torment.
You can survive without breathing.


Message History

a - a glowing orange potion A kobold comes into view.
Found a coppery potion and 8 gold pieces.
A kobold is nearby!
The kobold shouts!
An ooze comes into view.
The kobold throws a stone.
The stone barely misses you.
You start waiting.
A giant cockroach comes into view.
A hobgoblin comes into view. It is wielding a +0 club.
The hobgoblin shouts!
The kobold closely misses you.
You closely miss the kobold. The kobold misses you.
You scratch the kobold. The kobold hits you.
You barely miss the kobold. The kobold closely misses you.
A goblin comes into view.
The goblin shouts!
You scratch the kobold.
You kill the kobold!
The ooze hits you.
* * * LOW HITPOINT WARNING * * *
Aim: an ooze You miscast Sandblast.
You are very lightly contaminated with residual magic.
Nothing appears to happen.
The ooze jiggles.
The ooze misses you.
Aim: an ooze The blast of sand hits the ooze!
b - 29 stones The ooze hits you.
* * * LOW HITPOINT WARNING * * *
Okay, then.
There is a stone staircase leading down here.
Aim: an ooze (severely wounded)
The blast of sand hits the ooze!
You kill the ooze!
Your Dodging skill increases to level 2!
You have reached level 2!
b - 28 stones Your magical contamination has completely faded away.
Aim: a hobgoblin, wielding a +0 club The blast of sand hits the hobgoblin.
b - 27 stones
Found an emerald potion.
Aim: a hobgoblin, wielding a +0 club (moderately wounded)
The blast of sand misses the hobgoblin.
b - 26 stones The hobgoblin hits you with a +0 club.
You die...

####...##g# #.#
#...##.# #.#
######...##g# #(†
###...........# #.#
#.....##)..########.#
###.#.#.###...........#
#........##g.#####....#
#.#.#.#..##..# #.#.##
#...@g.##..#.......
###....g.........#.
##.#######.##.! #.# #..
##'## ### +...+ #.<.#
+..[+ ##+##


You could see a hobgoblin and a goblin.

Vanquished Creatures
  An ooze (D:1)
  A giant cockroach (D:1)
  A hobgoblin (D:1)
  A kobold (D:1)
4 creatures vanquished.

Notes
Turn   | Place    | Note
-------+----------+-------------------------------------------
     0 | D:1      | MalarOregon the Ghoul Earth Elementalist began the quest
                  | for the Orb.
     0 | D:1      | Reached XP level 1. HP: 14/14 MP: 2/2
   215 | D:1      | Reached XP level 2. HP: 5/20 MP: 0/3
   240 | D:1      | Slain by a hobgoblin

Skill      XL: |  1 |
---------------+----+-----
Dodging        | 2 |  2.0
Stealth        | |  2.4
Spellcasting   | |  1.9
Transmutations | |  0.8
Earth Magic    | |  3.4

Action                   || total
-------------------------++-------
Melee: Unarmed           ||    20
 Cast: Sandblast         ||     4
Armor: Robe              ||     2
Dodge: Dodged            ||    15
